[Event "Early-Titled-Tuesday-Blitz-May-07-2024"]
[Site "Chess.com"]
[Date "2024.05.07"]
[Round "4"]
[White "kuchma777"]
[Black "FREDERICKtheMATE"]
[Result "0-1"]
[WhiteElo "2495"]
[BlackElo "2701"]
[TimeControl "180+1"]
[EndTime "8:44:08 PDT"]
[Termination "FREDERICKtheMATE won by resignation"]

1. e4 e5 2. Bc4 Nc6 3. Nc3 Nf6 4. d3 Bc5 5. Bg5 h6 6. Bh4 d6 7. Nd5 g5 8. Bg3 Nxd5 9. Bxd5 Ne7 10. Bb3 Ng6 11.
Qd2 h5 12. h3 h4 13. Bh2 Nf4 14. Bxf4 gxf4 15. Nf3 Bb6 16. d4 f6 17. O-O-O Qe7 18. Ba4+ Bd7 19. Bxd7+ Kxd7 20. dxe5 fxe5 21. Qd5 Kc8 22. Rd2 a5 23. Kb1 Kb8 24. Re2 c6 25. Qd3 Kc7 26. Nd2 Rhg8 27. f3 Rg6 28. Nc4 Bc5 29.
Rd1 b5 30. Nd2 Rag8 31. Nb3 Bb6 32. Rdd2 a4 33. Nc1 Be3 34. Rxe3 fxe3 35. Qxe3 Kb7 36. c4 Rxg2 37. cxb5 Rxd2 38. Qxd2 Rg1 39. bxc6+ Kxc6 40. Qc2+ Kd7 41. Qxa4+ Ke6 42. Qc4+ Kf6 43. a4 Rh1 44. Qc8 Qe6 45. Qh8+ Kg6 46. Qxh4 Rxh3 47. Qf2 Kf7 48. a5 Rh1 49. a6 Qc4 50. Qe3 Qxa6 51. Qg5 Qc4 52. Qf5+ Ke7 53. Qg5+ Kd7 54. Qg7+ Kc6 55. Qg5 Rd1 56. Qe3 Kb5 57. b3 Qd4 58. Qe2+ Kb6 59. Qc2 Rd2 60. Ne2 Rxc2 61. Nxd4 Rc3 62. Nf5 Rxb3+ 63.
Kc2 Rxf3 64. Nxd6 Kc5 65. Nf5 Kc4 66. Kd2 Rd3+ 67. Ke2 Ra3 68. Kf2 Kd3 69. Nd6 Ra6 70.
Nb7 Rc6 71. Nd8 Rf6+ 72. Kg3 Kxe4 73. Nb7 Kd5 74. Kg4 e4 0-1

[Event "Early-Titled-Tuesday-Blitz-May-07-2024"]
[Site "Chess.com"]
[Date "2024.05.07"]
[Round "4"]
[White "Tsyhanchuk_Stanislav"]
[Black "aljado"]
[Result "0-1"]
[WhiteElo "2331"]
[BlackElo "2183"]
[TimeControl "180+1"]
[EndTime "8:44:08 PDT"]
[Termination "aljado won by checkmate"]

1. e4 c5 2. Nf3 e6 3. d4 cxd4 4. Nxd4 Bc5 5. Nc3 a6 6. Nb3 Bb6 7. Bf4 Ne7 8. Qg4 O-O 9. O-O-O d5 10. e5 Nbc6 11. h4 f5 12. exf6 Rxf6 13. h5 e5 14. Qg5 Rxf4 15. h6 Rg4 16. Qh5 Be6 17. hxg7 Rxg7 18. Rd3 Bg4 19. Qh6 Nf5 20. Qe6+ Kh8 21.
Nxd5 Ncd4 22. Qxe5 Qc8 23. c3 Nxb3+ 24. axb3 Qc5 25. Qf6 Qxf2 26. Qxb6 Qe1+ 27. Kc2 Ng3 28. Qe3 Qxe3 29. Rxe3 Nxh1 30. Bc4 Nf2 31. Nf4 Bf5+ 32.
Kc1 Ne4 33. Bd3 Nd6 34. Bxf5 Nxf5 35. Re5 Nh4 36. Re2 Rf8 37. Ne6 Rf1+ 38. Kc2 Re7 39. Nd4 Rxe2+ 40. Nxe2 Rf2 41. Kd2 Rxg2 42. Kd3 Rxe2 43.
Kxe2 Ng6 44. Kf3 Kg7 45. c4 Kf6 46. b4 Ke5 47. Ke3 h5 48. Kf3 h4 49. Kg2 Nf4+ 50. Kf3 h3 51. Kg3 Kd4 52. b3 Kc3 53. Kxf4 h2 54.
Ke4 h1=Q+ 55. Ke3 Qc6 56. b5 Qc5+ 57. Ke2 Kxb3 58. Kd3 Kb4 59. Kd2 axb5 60. cxb5 Qxb5 61. Kc2 Qe5 62. Kd2 Qg3 63. Ke2 Kc4 64. Kd2 Qf2+ 65. Kc1 Kc3 66. Kd1 Qd2# 0-1

[Event "Early-Titled-Tuesday-Blitz-May-07-2024"]
[Site "Chess.com"]
[Date "2024.05.07"]
[Round "4"]
[White "viktorskliarov"]
[Black "GMKrikor"]
[Result "1/2-1/2"]
[WhiteElo "2644"]
[BlackElo "2849"]
[TimeControl "180+1"]
[EndTime "8:44:11 PDT"]
[Termination "Game drawn - insufficient material"]

1. e4 c5 2. Nf3 Nc6 3. Bb5 Nf6 4.
Bxc6 dxc6 5. d3 Qc7 6. h3 e5 7.
Be3 Be7 8. Nbd2 O-O 9. Nc4 Nd7 10. a4 b5 11. Ncd2 Re8 12. Nb3 c4 13. dxc4 bxc4 14.
Nbd2 Ba6 15. Qe2 Rab8 16. Nxc4 Rxb2 17. Nxb2 Bxe2 18. Kxe2 Bc5 19. Nc4 Bxe3 20. Nxe3 Nc5 21. Nd2 Rd8 22. Rhb1 Qa5 23. Ndc4 Qa6 24. Kf3 f6 25. Rd1 Rd4 26. Nd6 Rxa4 27. Rxa4 Qxa4 28. Nef5 g6 29. Nh6+ Kg7 30. Ng4 Qxc2 31. Ne3 Qa4 32.
Ndc4 Ne6 33. Rd7+ Kf8 34. Rb7 Qa6 35. Nd6 Ng5+ 36. Kg4 h5+ 37. Kh4 Nxe4 38. Rf7+ Kg8 39. Nec4 Nxd6 40. Nxd6 Qd3 41. Rxf6 Kh7 42. g4 hxg4 43.
hxg4 Qd2 44. Rf7+ Kg8 45. Rf6 Kg7 46. g5 Qd1 47. Ne8+ Kg8 48. Nd6 Kh7 49. Rf7+ Kh8 50. f3 Qh1+ 51. Kg3 Qg1+ 52. Kh4 Qh2+ 53. Kg4 Qg2+ 54.
Kh4 Qh2+ 55. Kg4 Qc2 56. Rf8+ Kg7 57. Rf7+ Kg8 58. Rf6 a5 59. Ne4 Kg7 60. Nd6 a4 61. Rf7+ Kg8 62. Re7 Qb3 63. Re8+ Kg7 64. Re7+ Kh8 65. Re8+ Kh7 66. Re7+ Kg8 67. Re8+ Kg7 68. Re7+ Kh8 69. Re8+ Qg8 70. Rxg8+ Kxg8 71. Nc4 Kf8 72. f4 exf4 73. Kxf4 Ke7 74. Ke5 c5 75. Kd5 Kd7 76.
Kxc5 Ke6 77. Kb4 Kf5 78. Kxa4 Kxg5 79. Ne5 Kf5 80. Nxg6 1/2-1/2

[Event "Early-Titled-Tuesday-Blitz-May-07-2024"]
[Site "Chess.com"]
[Date "2024.05.07"]
[Round "4"]
[White "GiorgianBarbosa"]
[Black "vaishali2001"]
[Result "1/2-1/2"]
[WhiteElo "2500"]
[BlackElo "2691"]
[TimeControl "180+1"]
[EndTime "8:44:13 PDT"]
[Termination "Game drawn by agreement"]

1. c4 Nf6 2. d4 g6 3. Nc3 Bg7 4. e4 d6 5. Nf3 O-O 6. Be2 e5 7. O-O exd4 8. Nxd4 Re8 9. f3 c6 10. Nb3 a5 11. Bf4 Qb6+ 12. Qd4 Qxd4+ 13. Nxd4 Nxe4 14. Nxe4 Bxd4+ 15. Kh1 d5 16. cxd5 cxd5 17. Rad1 dxe4 18. Rxd4 exf3 19. Bxf3 Nc6 20. Rd6 Be6 21. Rxc6 bxc6 22. Bxc6 Bxa2 23. Bxa8 Rxa8 24. Be5 Re8 25. Re1 a4 26. Bc3 Rd8 27. Bf6 Rc8 28. Rd1 Kf8 29. Rd8+ Rxd8 30. Bxd8 Ke8 31. Ba5 Kd7 32. Bb4 Kc6 33.
Kg1 Kb5 34. Ba3 Kc4 35. Kf2 Kd3 36. g3 Bd5 37. h4 Ke4 38. Bf8 Kf5 39. Bb4 Kg4 40.
Bd2 Kf5 41. Bc3 f6 42. Bd4 g5 43. hxg5 fxg5 44. Kg1 Ke4 45. Bf6 Kf3 46. Kh2 Kg4 47. Bh8 h6 48. Bc3 h5 49. Bg7 Kf5 50. Bh8 Kg6 51. Bc3 Kh6 52. Bd4 Kg6 53. Bc3 Kf7 54. Bd4 Ke6 55. Bc3 Bf3 56. Bh8 Kf5 57. Bc3 Be4 58.
Bh8 Kg4 59. Bc3 Kf3 60. Bf6 Kg4 61. Bh8 Kf3 62. Bf6 g4 63. Bh4 Kf2 64. Bd8 Ke3 65. Bg5+ Kd3 66. Bf6 Kc2 67. Kg1 Kd3 68. Kf2 Bf3 69.
Bh4 Kc4 70. Bf6 Kd5 71. Bh8 Kc5 72. Bf6 Kc4 73. Bh8 Kb3 74. Bf6 Kc2 75. Bh8 Kb1 76. Bg7 Ka2 77. Bf6 Kb3 78. Bh8 Be4 79. Bf6 Bb7 80. Bh8 a3 81. bxa3 Kxa3 82. Bf6 Kb3 83.
Bh4 Kc4 84. Ke3 Kd5 85. Kf4 Ke6 86. Kg5 Bf3 87. Kf4 Kf7 88. Ke3 Kg6 89. Kf4 1/2-1/2

[Event "Early-Titled-Tuesday-Blitz-May-07-2024"]
[Site "Chess.com"]
[Date "2024.05.07"]
[Round "4"]
[White "masnyszachistaaa"]
[Black "GMSrinath"]
[Result "0-1"]
[WhiteElo "2583"]
[BlackElo "2840"]
[TimeControl "180+1"]
[EndTime "8:44:14 PDT"]
[Termination "GMSrinath won by resignation"]

1. Nf3 d5 2. c4 e6 3. e3 Nf6 4. b3 c5 5. Bb2 Nc6 6. cxd5 exd5 7. d4 cxd4 8. Nxd4 Bb4+ 9. Bc3 Be7 10. Nd2 O-O 11.
Be2 Bd7 12. O-O Rc8 13. Bb2 Qa5 14. a3 Nxd4 15. Bxd4 a6 16. b4 Qc7 17. Rc1 Qd6 18. Bc5 Qe6 19. Bxe7 Qxe7 20. Nf3 Ne4 21. Qxd5 Nc3 22. Rxc3 Rxc3 23. Qxb7 Rxa3 24. Bxa6 Qe6 25. Nd4 Qxa6 26. Qxd7 Ra1 27. Qb5 Qxb5 28. Nxb5 Rxf1+ 29. Kxf1 Rb8 30. Nd4 Rxb4 31. g3 Rb2 32. Kg2 g6 33. h4 Kg7 34. g4 Kf6 35. Kg3 Ke5 36. Nf3+ Kd5 37. Ng5 f6 38. Nxh7 Ke6 39. g5 fxg5 40. Nxg5+ Kf5 41. f3 Rb1 42. e4+ Ke5 43. Nf7+ Kf6 44.
Ng5 Rh1 45. Kg4 Kg7 46. f4 Rg1+ 47. Kf3 Kf6 48. Nh7+ Ke7 49. Ng5 Ra1 50. Kg4 Kf6 51. Nh7+ Kg7 52. Ng5 Re1 53. Kf3 Rg1 54. Ne6+ Kh6 55.
Ng5 Kh5 56. e5 Re1 57. Ne4 Ra1 58. Kg3 Ra3+ 59. Kf2 Kxh4 60. e6 Ra6 61. Nc5 Ra7 62. Kf3 Rc7 63. Ne4 Kh5 64. Ng5 Kh6 65. Ke4 Kg7 66. Ke5 Kf8 67. Kd6 Ra7 68. Ne4 Ra6+ 69.
Ke5 Ke7 70. Ng5 Ra5+ 71. Ke4 Kf6 72. Ke3 Ra4 73. Kf3 Ra1 74. Ke4 Re1+ 75. Kd4 Kf5 76. Kd5 Kxf4 77. Nh3+ Kf5 78. Nf2 Re5+ 79. Kd6 Rxe6+ 0-1

[Event "Early-Titled-Tuesday-Blitz-May-07-2024"]
[Site "Chess.com"]
[Date "2024.05.07"]
[Round "4"]
[White "Happy1712Drummer"]
[Black "BestStelker"]
[Result "1-0"]
[WhiteElo "2519"]
[BlackElo "2699"]
[TimeControl "180+1"]
[EndTime "8:44:27 PDT"]
[Termination "Happy1712Drummer won on time"]

1. e4 c5 2. Nf3 e6 3. c3 d5 4. e5 Nc6 5. d4 Bd7 6. Be2 Nge7 7.
Na3 cxd4 8. cxd4 Nf5 9. Nc2 Nb4 10. O-O Nxc2 11. Qxc2 Rc8 12. Qb3 Qb6 13. Qxb6 axb6 14. Bd3 Be7 15. Bd2 Bc6 16. Rac1 Kd7 17. a3 Ba4 18. g4 Nh4 19. Nxh4 Bxh4 20. f4 Be7 21. f5 Rxc1 22. Rxc1 h6 23. Kf2 Bg5 24. Be3 Bc6 25. Rh1 Bh4+ 26. Ke2 Rc8 27. Rf1 Ke7 28. Bd2 Ba4 29. fxe6 fxe6 30. Bb4+ Kd8 31. Rf8+ Kc7 32. Rf7+ Kb8 33. Rxg7 Rc1 34. Bd2 Rh1 35. Bf4 Bd1+ 36. Kd2 Bf3 37. Rh7 Rg1 38. Rxh6 Rg2+ 39. Kc3 Be1+ 40. Kb3 Bd1+ 41. Ka2 Rxg4 42. Bc1 Rg1 43.
Rf6 Bg4 44. Rf1 Rxf1 45. Bxf1 Bh4 46. Be3 Kc8 47. Bd3 Kd7 48. Kb1 Bf3 49. Kc2 Bg2 50.
Kd2 Bh3 51. Ke2 Bg4+ 52. Kd2 Bh3 53. Be2 Kc6 54. Bf4 Kd7 55. Ke3 Ke7 56. Kf3 Kf7 57. Bd3 Kg7 58. Bg3 Bg5 59. Bf4 Bh4 60. Bb5 Kf7 61. Bd7 Ke7 62. Bc8 b5 63. Bxb7 Be1 64. Ba6 b4 65. axb4 Bxb4 66. Bd3 Be1 67. Bg3 Bd2 68. Ke2 Bc1 69. b4 Bb2 70. Bf2 Bc3 71. b5 Bg4+ 72. Kf1 Ba5 73. Kg1 Bh3 74. Be3 Bb6 75. Kf2 Kf7 76. Kg3 Bf5 77. Bxf5 exf5 78. Kf4 Kg6 79. h4 Bd8 80. h5+ Kxh5 81. Kxf5 Kh4 82. Ke6 1-0

[Event "Early-Titled-Tuesday-Blitz-May-07-2024"]
[Site "Chess.com"]
[Date "2024.05.07"]
[Round "4"]
[White "FuenfgegenWilly"]
[Black "Chess4always"]
[Result "1-0"]
[WhiteElo "2457"]
[BlackElo "2033"]
[TimeControl "180+1"]
[EndTime "8:44:32 PDT"]
[Termination "FuenfgegenWilly won by resignation"]

1. e4 c6 2. Nc3 d5 3. Qe2 dxe4 4.
Nxe4 Nf6 5. d3 Bf5 6. h3 h6 7. g4 Bxe4 8. dxe4 e5 9. Nf3 Nbd7 10. g5 hxg5 11. Bxg5 Be7 12. O-O-O Qa5 13. Kb1 O-O-O 14. h4 Rhe8 15. Bh3 Kc7 16. Nd2 Nb6 17. Nb3 Qb4 18. f3 Nh5 19. Bxe7 Rxe7 20. Rxd8 Kxd8 21. Rd1+ Kc7 22.
Qd3 Re8 23. c3 Qe7 24. Bg4 Nf4 25. Qd2 Rd8 26. Qxd8+ Qxd8 27. Rxd8 Kxd8 28. Kc2 Kc7 29. Nc5 Nc8 30. Nd7 f6 31. Nf8 Ne7 32. h5 Kd6 33.
b4 b6 34. Nd7 Ng2 35. Kd3 Nf4+ 36. Ke3 Ng2+ 37. Kf2 Nf4 38. h6 gxh6 39. Nxf6 Neg6 40.
Bf5 Nd3+ 41. Ke3 Ngf4 42. Bg4 Nb2 43. Ne8+ Ke7 44. Nc7 Nc4+ 45. Kf2 h5 46. Bf5 Na3 47. Na6 Nb1 48. c4 Nc3 49. a3 Nd3+ 50. Ke3 Nf4 51.
c5 Nb1 52. Nb8 Nxa3 53. Nxc6+ Ke8 54. Nxa7 bxc5 55. bxc5 Nc4+ 56. Kf2 Kd8 57. Nb5 Nd3+ 58. Kg3 Nxc5 59. Kh4 Nd2 60. Kg3 Nd3 61. Nd6 Nf4 62.
Nf7+ Ke7 63. Nxe5 Ne2+ 64. Kf2 Nd4 65. Bh3 N2b3 66. Ke3 Ne6 67. Ng6+ Kf6 68. Nh4 Nbc5 69. Ng2 Ng5 70. Bc8 Nce6 71. Nh4 Ng7 72. f4 Nf7 73.
e5+ Ke7 74. Ke4 Ne8 75. Ng6+ Kd8 76. Be6 Nh6 77. f5 Ng7 78. Nf4 h4 79. f6 Nxe6 80. Nxe6+ Ke8 81. Nf4 Kf7 82. Nh3 Ng4 83. Kf4 Nh2 84.
Ng5+ Kf8 85. e6 Nf1 86. Kg4 Ne3+ 87. Kxh4 Nd5 88. Nh7+ Kg8 89. f7+ Kg7 90. f8=Q+ Kxh7 91. Qf5+ 1-0

[Event "Early-Titled-Tuesday-Blitz-May-07-2024"]
[Site "Chess.com"]
[Date "2024.05.07"]
[Round "4"]
[White "chess123456s"]
[Black "svilson23"]
[Result "1/2-1/2"]
[WhiteElo "2625"]
[BlackElo "2297"]
[TimeControl "180+1"]
[EndTime "8:44:42 PDT"]
[Termination "Game drawn by stalemate"]

1. Nf3 d5 2. g3 c6 3. Bg2 g6 4.
O-O Bg7 5. d4 Nf6 6. c4 Ne4 7.
Nc3 O-O 8. cxd5 cxd5 9. Qb3 Nxc3 10. bxc3 Nc6 11. Bf4 b6 12. Ne5 Nxe5 13. dxe5 e6 14. Rfd1 Qc7 15. e4 dxe4 16. Bxe4 Bb7 17. Bxb7 Qxb7 18.
c4 Qc8 19. Rac1 Qc5 20. Qb5 Rac8 21. Qxc5 Rxc5 22. Rd7 Ra5 23. Rc2 Rc8 24. Rcd2 Bxe5 25. Bh6 Bf6 26. Rb7 Bg7 27. Bxg7 Kxg7 28. Rdd7 Rf8 29.
Rxa7 Rxa7 30. Rxa7 Rc8 31. Rb7 Rxc4 32. Rxb6 Ra4 33.
Rb2 Kf6 34. Kg2 Ke5 35. Kf3 Ra3+ 36. Kg4 f6 37. f4+ Kd4 38. h3 h5+ 39. Kh4 Ra6 40.
g4 hxg4 41. hxg4 Ke3 42. Kg3 Ra3 43. Rb3+ Rxb3 44. axb3 Kd4 45. g5 fxg5 46. fxg5 e5 47. b4 Kd3 48. b5 e4 49. b6 e3 50. b7 e2 51. b8=Q e1=Q+ 52. Kg4 Qg1+ 53. Kh4 Qh1+ 54. Kg4 Qg2+ 55. Kh4 Qe4+ 56. Kg3 Qe3+ 57. Kg4 Qe2+ 58. Kg3 Qe1+ 59. Kg4 Qe6+ 60. Kh4 Qc4+ 61. Kg3 Qe6 62. Qb5+ Kd4 63. Kf4 Qe4+ 64. Kg3 Qd3+ 65. Qxd3+ Kxd3 66. Kf3 Kd4 67. Kf4 Kd5 68. Kg4 Ke4 69.
Kg3 Kf5 70. Kh4 Kf4 71. Kh3 Kxg5 72. Kg3 Kf5 73. Kf3 Kg5 74. Kg3 Kf5 75. Kf3 g5 76. Kg3 g4 77. Kg2 Kf4 78. Kf2 g3+ 79. Kg2 Kg4 80.
Kg1 Kf3 81. Kf1 g2+ 82. Kg1 Kg3 1/2-1/2

[Event "Early-Titled-Tuesday-Blitz-May-07-2024"]
[Site "Chess.com"]
[Date "2024.05.07"]
[Round "4"]
[White "Flaccidmoves"]
[Black "Matsanovic"]
[Result "1/2-1/2"]
[WhiteElo "2406"]
[BlackElo "2584"]
[TimeControl "180+1"]
[EndTime "8:45:12 PDT"]
[Termination "Game drawn - insufficient material"]

1. d4 Nf6 2. Nf3 e6 3. Bf4 b6 4. Nbd2 Bb7 5. e3 Be7 6. Bd3 d6 7. O-O Nh5 8. Bg3 Nxg3 9. hxg3 Nd7 10. c4 O-O 11. Qc2 h6 12. b4 c5 13. bxc5 bxc5 14. Rab1 Qc7 15. Bh7+ Kh8 16. Be4 d5 17. cxd5 exd5 18.
Bf5 Nb6 19. dxc5 Qxc5 20. Qxc5 Bxc5 21. Nb3 Ba3 22. Rfd1 g6 23. Na5 Ba6 24. Bd3 Bc4 25.
Ne5 Rac8 26. Naxc4 dxc4 27. Bc2 Kg7 28. Nd7 Rfd8 29. Nxb6 axb6 30. Rxb6 Rxd1+ 31. Bxd1 Rd8 32. Ba4 Rc8 33. Rc6 Rxc6 34. Bxc6 Kf6 35. Kf1 Ke5 36.
Ke2 g5 37. g4 Kd6 38. Be4 Kc5 39. Bc2 Kb4 40. f4 Kc3 41. Kd1 Kb2 42. Be4 Kxa2 43. Bd5 Kb3 44. Bxf7 Kc3 45. e4 Kd4 46. e5 gxf4 47. e6 c3 48. Bg6 Ke3 49. Kc2 Kd4 50.
Bf5 Bd6 51. Bd3 Bb4 52. Bf5 Ke3 53. Bg6 Kf2 54. Be4 Kg3 55. Bf3 Kf2 56. e7 Bxe7 57. Kxc3 Ke3 58. Kc4 Bg5 59. Kd5 Kf2 60. Ke4 Kg3 61.
Kf5 Kh4 62. Kg6 Kg3 63. Kh5 Kf2 64. Kg6 Kg3 65. Kf5 Kf2 66. Ke4 Kg3 67. Kd3 Kf2 68.
Kd2 Kg3 69. Ke2 Kh4 70. Kf2 Bf6 71. Ke2 Bd4 72. Kd3 Bg1 73. Ke4 Kg3 74. Kf5 Bc5 75.
Kg6 Bf8 76. Kh5 Kf2 77. Kg6 Ke3 78. Kf7 Bd6 79. Kg7 Kd4 80. Kxh6 Ke5 81. g5 Bf8+ 82. Kh7 Kf5 83. g6 Kf6 84. Be4 Bg7 85. Bd3 Bf8 86.
Kg8 Bg7 87. Kh7 Bf8 88. Be4 Bg7 89. Bf3 Bf8 90. Bh5 Bg7 91. Kg8 Bh6 92. Kh8 Bg7+ 93.
Kh7 Bf8 94. Bf3 Bg7 95. g4 fxg3 96. Bg2 Bf8 97. Kg8 Kxg6 98. Kxf8 Kg5 99. Kf7 Kf4 100. Kg6 Ke3 101. Kg5 Kf2 102. Bh3 Kg1 103. Kg4 Kh2 104. Bf1 Kg1 105. Bh3 Kh2 106. Bf1 Kg1 107. Kxg3 1/2-1/2

[Event "Early-Titled-Tuesday-Blitz-May-07-2024"]
[Site "Chess.com"]
[Date "2024.05.07"]
[Round "4"]
[White "bilelou"]
[Black "Juicy_Fork"]
[Result "1/2-1/2"]
[WhiteElo "2631"]
[BlackElo "2425"]
[TimeControl "180+1"]
[EndTime "8:45:15 PDT"]
[Termination "Game drawn by repetition"]

1. e4 e5 2. Nf3 Nc6 3. Bb5 a6 4. Ba4 d6 5. c4 Bg4 6. d3 Ne7 7.
Nc3 g6 8. h3 Bxf3 9. Qxf3 Bg7 10. Be3 O-O 11. O-O f5 12. Nd5 f4 13. Bd2 Nd4 14. Qd1 Nxd5 15. cxd5 b5 16. Bb3 Qd7 17. f3 g5 18. Bc3 h5 19. Bxd4 exd4 20. Rc1 Be5 21.
Qc2 Rf7 22. Qc6 Qd8 23. Bd1 Kh8 24. Be2 b4 25. a4 a5 26. Rc4 Rb8 27. Rfc1 Rb6 28.
Qxb6 cxb6 29. Rc8 Rf8 30. Rxd8 Rxd8 31. Rc6 Kg7 32. Rxb6 Rc8 33. Rc6 Rb8 34. Rc7+ Kf6 35. Bd1 b3 36. Kf1 Rb4 37. Ke2 Rxa4 38. Bxb3 Ra1 39.
Bd1 a4 40. Ra7 Ra2 41. Kd2 Rxb2+ 42. Bc2 Ra2 43. Kc1 Ra1+ 44. Bb1 Ra3 45. Kb2 Rb3+ 46. Ka2 Rb4 47. Bc2 Kg6 48. Bxa4 g4 49. Be8+ Kh6 50. hxg4 hxg4 51. fxg4 Kg5 52. Bd7 Kh4 53. g5 Kxg5 54. Bh3 Rb8 55. Re7 Ra8+ 56. Kb3 Rb8+ 57. Kc4 Ra8 58. Rxe5+ dxe5 59. d6 Kf6 60.
Kd5 Ra5+ 61. Kc6 Ra6+ 62. Kc7 Ra7+ 63. Kb6 Ra3 64. Kc7 Rc3+ 65. Kd8 Rxd3 66. d7 Rc3 67. Ke8 Rb3 68. d8=Q+ Kg6 69. Bf5+ Kh5 70. Qd7 Rb8+ 71.
Kf7 d3 72. Kf6 Rf8+ 73. Kg7 Ra8 74. Bg6+ Kg5 75. Qf5+ Kh4 76. Qh5+ Kg3 77. Qf3+ Kh2 78. Qxd3 Ra7+ 79. Bf7 Kxg2 80. Qe2+ Kg3 81. Qh5 Ra3 82. Qxe5 Rf3 83. Qg5+ Kf2 84. e5 Ke3 85. e6 Rg3 86. Qxg3+ fxg3 87. e7 g2 88. e8=Q+ Kf2 89. Bg6 g1=Q 90.
Qf7+ Kg3 91. Qf5 Qe3 92. Kh7 Qe7+ 93. Bf7 Qh4+ 94. Bh5 Qe7+ 95. Kg6 Qd6+ 96. Kg7 Qe7+ 97. Bf7 Qe3 98. Qg6+ Kf3 99. Qh5+ Kg3 100. Qg6+ Kh4 101. Qh7+ Kg3 102. Qg6+ 1/2-1/2

[Event "Early-Titled-Tuesday-Blitz-May-07-2024"]
[Site "Chess.com"]
[Date "2024.05.07"]
[Round "4"]
[White "Polish_fighter3000"]
[Black "Mikhail_Bryakin"]
[Result "1-0"]
[WhiteElo "3104"]
[BlackElo "2885"]
[TimeControl "180+1"]
[EndTime "8:45:19 PDT"]
[Termination "Polish_fighter3000 won on time"]

1. c3 c6 2. d4 d5 3. Qc2 Nf6 4. Bf4 Bg4 5. f3 Bh5 6. e4 Bg6 7. Bd3 e6 8. Nd2 Be7 9. Ne2 Qb6 10. b4 a5 11. Bxb8 Rxb8 12. e5 Nd7 13. a3 Ra8 14.
Rb1 axb4 15. axb4 O-O 16. f4 Bxd3 17. Qxd3 Qb5 18. Qxb5 cxb5 19. Nb3 b6 20. Nbc1 Ra3 21. O-O Rfa8 22. Kf2 h5 23. g3 g6 24. Rb2 f5 25.
Nd3 Nb8 26. h3 Nc6 27. Ke3 Kf7 28. Rg1 Rh8 29. Rbb1 Ra2 30. Ra1 Rha8 31. Rxa2 Rxa2 32. Rb1 Ra3 33. Kd2 Ra2+ 34. Ke3 Ra3 35. g4 hxg4 36. hxg4 Bf8 37. g5 Be7 38. Rh1 Kg7 39. Rb1 Kf7 40. Rb2 Ra1 41. Kd2 Kg7 42. Ne1 Kf7 43. Nc2 Ra8 44. Rb3 Bf8 45. Na3 Na7 46. Rb1 Be7 47. Kc2 Rh8 48. Ra1 Rh2 49. Kd2 Rh8 50. Nc2 Nc6 51.
Ra6 Bd8 52. Na3 Ke7 53. Nxb5 Kd7 54. Nd6 Bc7 55. Nb5 Kc8 56. Ra8+ Nb8 57. Ra7 Rh7 58.
Nd6+ Kd8 59. Nb5 Nc6 60. Ra8+ Bb8 61. Nc1 Kc8 62. Nd6+ Kc7 63. Nd3 Rh2+ 64. Kc1 Rh3 65. Kc2 Rh2+ 66. Kd1 Rh3 67. Ke2 Rh2+ 68. Nf2 Rh4 69.
Kf3 Rh8 70. Ra1 Kd7 71. Nb5 Kc8 72. Rh1 Rxh1 73. Nxh1 Ne7 74. Ke2 Kd7 75. Kd3 Kc6 76. Na3 b5 77. Ng3 Bc7 78. Nf1 Nc8 79. Nh2 Ne7 80.
Nf3 Bb6 81. Nd2 Bc7 82. Nb3 Bb6 83. Kc2 Nc8 84. Nc5 Bxc5 85. bxc5 Na7 86. Kb3 Nc8 87.
Kb4 Na7 88. Ka5 Kb7 89. Nxb5 Nc6+ 90. Ka4 Kc8 91. Nd6+ Kd7 92. Kb5 Ne7 93. Nf7 Nc6 94. Nh8 Ne7 95. Kb6 Kc8 96. c6 Kb8 97. Nf7 Nc8+ 98.
Kc5 Kc7 99. Nd6 Ne7 100. Nb5+ Kd8 101. Kd6 Nc8+ 102. Kxe6 1-0

[Event "Early-Titled-Tuesday-Blitz-May-07-2024"]
[Site "Chess.com"]
[Date "2024.05.07"]
[Round "4"]
[White "KogotBobra17"]
[Black "watermelonattackk"]
[Result "0-1"]
[WhiteElo "2728"]
[BlackElo "2565"]
[TimeControl "180+1"]
[EndTime "8:45:47 PDT"]
[Termination "watermelonattackk won by resignation"]

1. e4 e5 2. Nf3 Nc6 3. c3 Nf6 4. d4 exd4 5. e5 Ne4 6. cxd4 d5 7. Bb5 Bb4+ 8. Nbd2 O-O 9. O-O Nxd2 10. Bxd2 Bxd2 11. Qxd2 Ne7 12. Rac1 c6 13. Bd3 Bf5 14.
Rc3 Re8 15. b4 a6 16. a4 Qd7 17. Rb1 h6 18. h3 Ng6 19. b5 axb5 20. axb5 Bxd3 21. Rxd3 Qf5 22. bxc6 bxc6 23. Rc1 Re6 24. Rdc3 Nf4 25. Qc2 Qh5 26. Qd2 Qf5 27. Kh2 Rc8 28.
Re1 g5 29. Qc2 Qxc2 30. Rxc2 Kf8 31. Rc3 Ke7 32. Nd2 f6 33. Rce3 fxe5 34. Rxe5 Rxe5 35. Rxe5+ Kf6 36. Nb3 Ne6 37. Re3 Rb8 38. Rc3 Rb4 39. Rd3 h5 40. Kg3 h4+ 41. Kh2 Kf5 42. Rf3+ Kg6 43. Re3 Kf6 44. Rf3+ Kg6 45. Rd3 Kf6 46. g4 Nf4 47. Re3 Ne6 48. Rd3 Nf4 49. Rc3 Kf7 50.
Re3 Ne6 51. Rf3+ Kg7 52. Rd3 Nf4 53. Rc3 Ne6 54. Rxc6 Nxd4 55. Rc7+ Kf6 56. Nc5 Rb2 57.
Kg2 Ne2 58. Rc6+ Kf7 59. Rc7+ Kf6 60. Rc6+ Kf7 61. Nd3 Nf4+ 62. Nxf4 gxf4 63. Rd6 Rd2 64. Kf3 Ke7 65. Ra6 Rd3+ 66. Kxf4 Rxh3 67. Ke5 Rd3 68.
Ra7+ Kf8 69. Rh7 h3 70. f4 d4 71. Kf6 Ke8 72. g5 Rf3 73. f5 d3 74. g6 d2 75.
g7 Rg3 76. Rxh3 Rxg7 77. Re3+ Kd8 78. Kxg7 d1=Q 79. Re6 Qg4+ 80. Kf6 Kd7 81. Re7+ Kd6 82. Re6+ Kd5 83. Re5+ Kd6 84. Re6+ Kd7 85. Re7+ Kd8 86. Re5 Qd4 87. Ke6 Ke8 88. f6 Qb6+ 89. Kf5+ Kf7 90. Re7+ Kf8 91. Kg6 Qg1+ 92. Kf5 Qg3 93. Ke6 Qb3+ 94.
Kf5 Qd5+ 95. Kg6 Qg2+ 96. Kf5 Qg3 97. Ke6 Qe3+ 98. Kf5 Qf3+ 99. Ke5 Qg4 100. Rc7 Qg3+ 101. Ke6 Qxc7 0-1

[Event "Early-Titled-Tuesday-Blitz-May-07-2024"]
[Site "Chess.com"]
[Date "2024.05.07"]
[Round "5"]
[White "Chessdreamer2020"]
[Black "DarZay"]
[Result "1-0"]
[WhiteElo "2520"]
[BlackElo "2330"]
[TimeControl "180+1"]
[EndTime "8:53:38 PDT"]
[Termination "Chessdreamer2020 won by resignation"]

1. e4 c5 2. Nf3 Nc6 3. Bb5 g6 4. O-O Bg7 5. c3 Nf6 6. Qa4 O-O 7. d4 cxd4 8. cxd4 Nxe4 9. d5 Nc5 10. Qa3 Qb6 11. Nc3 Bxc3 12. Qxc3 Qxb5 13. Bh6 f6 14. Bxf8 Kxf8 15. dxc6 dxc6 16. Rfe1 Bf5 17. Nd4 Qd3 18.
Qxc5 1-0

[Event "Early-Titled-Tuesday-Blitz-May-07-2024"]
[Site "Chess.com"]
[Date "2024.05.07"]
[Round "5"]
[White "HanSchut"]
[Black "maurovargas01"]
[Result "1-0"]
[WhiteElo "2356"]
[BlackElo "1972"]
[TimeControl "180+1"]
[EndTime "8:53:43 PDT"]
[Termination "HanSchut won by resignation"]

1. e4 c5 2. Nf3 d6 3. d4 cxd4 4. Nxd4 Nf6 5. f3 Nc6 6. c4 Nxd4 7. Qxd4 g6 8. Be3 Bg7 9. Nc3 Ng4 10. Qxg7 Nxe3 11. Qxh8+ Kd7 12. Qxd8+ Kxd8 13. Kd2 Nxf1+ 14. Rhxf1 Be6 15. b3 Rc8 16. Rac1 a6 17. Nd5 b5 18. cxb5 axb5 19. Rxc8+ Kxc8 20. Nxe7+ 1-0

[Event "Early-Titled-Tuesday-Blitz-May-07-2024"]
[Site "Chess.com"]
[Date "2024.05.07"]
[Round "5"]
[White "manitodeplomo"]
[Black "MaiqMaster"]
[Result "1-0"]
[WhiteElo "2620"]
[BlackElo "2474"]
[TimeControl "180+1"]
[EndTime "8:54:05 PDT"]
[Termination "manitodeplomo won by resignation"]

1. d4 d5 2. c4 e6 3. Nf3 Nf6 4. Nc3 dxc4 5. e3 a6 6. Bxc4 b5 7.
Bb3 Bb7 8. O-O Be7 9. Re1 Nbd7 10. e4 O-O 11. e5 Nd5 12. Nxd5 Bxd5 13. Bxd5 exd5 14.
Be3 Nb6 15. b3 Bb4 16. Re2 f6 17. Rc1 fxe5 18. Nxe5 Nd7 19. Nc6 1-0

[Event "Early-Titled-Tuesday-Blitz-May-07-2024"]
[Site "Chess.com"]
[Date "2024.05.07"]
[Round "5"]
[White "dzhumagaliev"]
[Black "LamaChampetre"]
[Result "1-0"]
[WhiteElo "2841"]
[BlackElo "2228"]
[TimeControl "180+1"]
[EndTime "8:54:39 PDT"]
[Termination "dzhumagaliev won by resignation"]

1. Nf3 g6 2. d4 Nf6 3. g3 Bg7 4. Bg2 d5 5. O-O c5 6. a4 O-O 7. a5 cxd4 8. Nxd4 Nc6 9. Nb3 e5 10.
Nc3 d4 11. Nb1 Qd6 12. e3 Bg4 13. Qd2 Rad8 14. exd4 exd4 15. a6 bxa6 16. Rxa6 Nb4 17. Rxd6 1-0

[Event "Early-Titled-Tuesday-Blitz-May-07-2024"]
[Site "Chess.com"]
[Date "2024.05.07"]
[Round "5"]
[White "Winner_7777"]
[Black "Escudito"]
[Result "1-0"]
[WhiteElo "2582"]
[BlackElo "2331"]
[TimeControl "180+1"]
[EndTime "8:54:48 PDT"]
[Termination "Winner_7777 won by resignation"]

1. d4 d5 2. c4 e6 3. Nc3 c5 4.
cxd5 exd5 5. Nf3 Nc6 6. g3 Nf6 7. Bg2 Be7 8. O-O O-O 9. dxc5 Bxc5 10. Bg5 d4 11. Na4 Be7 12. Rc1 Re8 13. Rxc6 bxc6 14. Nxd4 Bd7 15. Nxc6 Qa5 16. Nxa5 1-0

[Event "Early-Titled-Tuesday-Blitz-May-07-2024"]
[Site "Chess.com"]
[Date "2024.05.07"]
[Round "5"]
[White "RojonR"]
[Black "MAGMAchess02"]
[Result "1-0"]
[WhiteElo "2546"]
[BlackElo "2240"]
[TimeControl "180+1"]
[EndTime "8:55:04 PDT"]
[Termination "RojonR won by resignation"]

1. e4 c6 2. Nc3 d5 3. Qe2 d4 4. Nd1 e5 5. d3 c5 6. g3 Nf6 7. f4 Nc6 8. Nf3 Be7 9. Nf2 O-O 10.
f5 Ne8 11. g4 b5 12. g5 f6 13. g6 Nd6 14. gxh7+ Kh8 15. Nh4 Nf7 16. Qh5 1-0

[Event "Early-Titled-Tuesday-Blitz-May-07-2024"]
[Site "Chess.com"]
[Date "2024.05.07"]
[Round "5"]
[White "SkinnyPuppy8"]
[Black "Denisenko_Denis"]
[Result "1-0"]
[WhiteElo "2220"]
[BlackElo "2384"]
[TimeControl "180+1"]
[EndTime "8:55:04 PDT"]
[Termination "SkinnyPuppy8 won by resignation"]

1. e4 e5 2. Nc3 Nf6 3. Bc4 Nxe4 4. Qh5 Nd6 5. Qxe5+ Qe7 6. Qxe7+ Bxe7 7. Bb3 c6 8.
d4 Nf5 9. d5 Nd4 10. Be3 Nxb3 11. axb3 O-O 12. Rxa7 Rxa7 13. Bxa7 Na6 14. Nge2 Nb4 15.
Kd2 Bg5+ 16. f4 Bf6 17. Bc5 Nxd5 18. Nxd5 cxd5 19. Bxf8 Kxf8 20. c3 d6 21. Ra1 Ke7 22. Ra8 Kd7 23. Nd4 h6 24. Nb5 g5 25. Na7 1-0